Map: Dédale EC

Players

Mrakobes - Winner!

  • Race: Protoss Protoss
  • League: Diamond
  • Spawn Location: 1:00

HoldTheDoor

  • Race: Protoss Protoss
  • League: Diamond
  • Spawn Location: 7:00

VOD

Have the link to the VOD?

Description

Time

  • Played on: July 12, 2018, 9:49 a.m.
  • Length: 5:38
Show
View Real Time Build Order
Export as new Build Order

Mrakobes Protoss - Winner!

Build Orders: 1 Gate Expand 

Get SALT Encoding   

  12  0:01  Probe  
  13  0:13  Probe  
  14  0:18  Pylon  
  14  0:27  Probe  
  15  0:37  Gateway  
  15  0:46  Gateway  
  15  1:16  Zealot  
  17  1:28  Zealot  
  17  1:34  Nexus  
  19  1:43  Zealot  
  21  2:00  Zealot  
  23  2:22  Nexus  
  9  3:34  Probe  
  10  3:42  Probe  
  11  3:52  Probe  
  12  4:02  Probe  
  11  4:10  Probe  
  10  4:18  Probe  
  10  4:21  Pylon  
  11  4:30  Probe  
  12  4:41  Probe  
  13  4:47  Gateway  
  13  4:49  Probe  
  13  4:57  Probe  
  15  5:18  Probe  
  15  5:21  Assimilator  
  17  5:36  Cybernetics Core  
Show
View Real Time Build Order
Export as new Build Order

HoldTheDoor Protoss 

Build Orders:  

Get SALT Encoding   

  12  0:00  Probe  
  13  0:12  Probe  
  14  0:18  Pylon  
  14  0:25  Probe  
  15  0:35  Probe  
  15  0:38  Forge  
  16  0:43  Probe  
  17  0:51  Probe  
  18  1:02  Pylon  
  18  1:03  Probe  
  19  1:15  Probe  
  20  1:24  Photon Cannon  
  20  1:29  Assimilator  
  20  1:35  Assimilator  
  20  1:46  Probe  
  21  1:51  Pylon  
  21  1:58  Probe  
  22  2:11  Pylon  
  22  2:14  Photon Cannon  
  22  2:17  Photon Cannon  
  22  2:19  Pylon  
  22  2:32  Photon Cannon, Pylon  
  22  2:33  Assimilator  
  22  2:38  Gateway  
  22  2:55  Photon Cannon  
  22  3:00  Photon Cannon  
  18  3:20  Photon Cannon  
  18  3:26  Zealot  
Tags
 
Matchup
PvP
Spawn Locations
Cross Positions
Add a new tag
Caveats
  • Supply blocks, unpowered buildings, or Contaminate may cause inaccurate times.
  • Supply counts are checked every 10 seconds.